cohdb
Replays
Latest Replays
All Replays
Popular Replays
Top Player Replays
Match Explorer
How It Works
Community
CoH3 Stats
Reddit
Sign in to upload your games and track your stats! →
Sign in with Steam
Match 41451243
Unlisted
Match 41451243
Overview
Messages
Build Orders
End
Pioneer Squad
Construct Infanterie Kompanie
Grenadier Squad
Selects Breakthrough Battlegroup
Selects Assault Grenadiers
MG 42 Machine Gun Team
Grenadier Squad
Grenadier Squad
Construct Panzergrenadier Kompanie
Panzergrenadier Squad
Selects Rapid Production
Pak 40 Anti-tank Gun Team
Infanterie Officer Quarters
Selects Breakthrough
Selects Mechanized Assault Group
Mechanized Assault Group
Construct Panzer Kompanie
Panzer IV Medium Tank
Breakthrough
Selects Blitzkrieg
Panzer IV Medium Tank
Pioneer Squad
Blitzkrieg
KoRneY
我真的不是驴
♥ ~Lady Rytsu~ ♥
PAX AJAX
0
0
Comments
sign in to comment!
No comments posted yet!